 Dungeon Crawl Stone Soup version 0.18-a0-1782-gb76a692 (webtiles) character file.

78918 barb4r1an the Protected (level 15, 0/207 HPs)
             Began as a Minotaur Berserker on Apr 17, 2016.
             Was a High Priest of Trog.
             Succumbed to Aizul's bolt of poison
             ... on level 1 of the Elven Halls.
             The game lasted 01:17:30 (20448 turns).

barb4r1an the Protected (Minotaur Berserker)       Turns: 20448, Time: 01:17:31

Health: 0/207      AC: 16    Str: 29    XL:     15   Next: 19%
Magic:  14/14      EV: 21    Int:  8    God:    Trog [*****.]
Gold:   1049       SH:  8    Dex: 19    Spells: 0 memorised, 14 levels left

rFire  + + .     SeeInvis +     J - +10 broad axe of a labyrinth {drain, MR+}
rCold  . . .     Gourm    .     G - +1 scale mail {rF+}
rNeg   + . .     Faith    .     u - +0 buckler
rPois  .         Spirit   .     (helmet unavailable)
rElec  .         Dismiss  .     w - +0 cloak
rCorr  .         Reflect  .     h - +1 pair of gloves of Resilience {*Contam Dex+7}
SustAt .         Harm     .     e - +0 pair of boots
MR     ++...                    C - amulet of regeneration
Stlth  ..........               S - ring "Ychucalua" {+Inv rF+ Str-2 Int+4 SInv} (curse)
                                z - ring of positive energy

@: berserking, lethally poisoned (0 -> 0), very quick, very resistant to hostile
enchantments, extremely unstealthy
A: retaliatory headbutt, horns 3, talons 1
a: Berserk, Trog's Hand, Brothers in Arms, Burn Spellbooks, Renounce Religion,
Evoke Invisibility


You were on level 1 of the Elven Halls.
You worshipped Trog.
Trog was extremely pleased with you.
You were not hungry.

You visited 5 branches of the dungeon, and saw 21 of its levels.
You also visited: Ossuary.

You collected 1923 gold pieces.
You spent 874 gold pieces at shops.

Inventory:

Hand Weapons
 b - the +3 mace "Dekh" {drain, Stlth+}
   (You bought it in a shop on level 2 of the Orcish Mines)

   A truly terrible weapon, it drains the life of those it strikes.
   It makes you more stealthy.
 J - the +10 broad axe of a labyrinth (weapon) {drain, MR+}
   (Trog gifted it to you on level 9 of the Dungeon)

   A truly terrible weapon, it drains the life of those it strikes.
   It affects your resistance to hostile enchantments.
 X - the +9 glaive "Lugruf" {holy, rN+ Str+6 Dex+4}
   (You found it on level 4 of the Lair of Beasts)

   It has been blessed by the Shining One to cause great damage to the undead
   and demons.
   It affects your strength (+6).
   It affects your dexterity (+4).
   It protects you from negative energy.
Armour
 e - a +0 pair of boots (worn)
 h - the +1 pair of gloves of Resilience (worn) {*Contam Dex+7}
   (You bought it in a shop on level 9 of the Dungeon)

   It affects your dexterity (+7).
   It causes magical contamination when unequipped.
 u - a +0 buckler (worn)
 w - a +0 cloak (worn)
 B - a +2 scale mail of positive energy
 G - a +1 scale mail of fire resistance (worn)
Jewellery
 z - a ring of positive energy (left hand)
 C - an amulet of regeneration (around neck)
 E - an uncursed ring of magical power {unknown}
 S - the cursed ring "Ychucalua" (right hand) {+Inv rF+ Str-2 Int+4 SInv}
   (You found it on level 8 of the Lair of Beasts)

   [ring of strength]

   It affects your strength (-2).
   It affects your intelligence (+4).
   It protects you from fire.
   It lets you see invisible.
   It lets you turn invisible.
   It has a curse placed upon it.
Wands
 x - a wand of slowing (21/48)
 A - a wand of disintegration (11/24)
 Z - a wand of disintegration (10/24)
Scrolls
 i - 2 scrolls of enchant armour {unknown}
 j - 2 scrolls of torment
 k - 9 scrolls of teleportation
 l - 16 scrolls of remove curse
 o - 3 scrolls of recharging {unknown}
 p - 3 scrolls of fear
 q - 4 scrolls of magic mapping {unknown}
 v - 3 scrolls of blinking
 y - 2 scrolls of enchant weapon {unknown}
 D - 3 scrolls of amnesia {unknown}
 O - 2 scrolls of immolation {unknown}
 Q - a scroll of fog {unknown}
 T - a scroll of brand weapon {unknown}
 U - 6 scrolls of identify
Potions
 a - 2 potions of agility {unknown}
 c - 2 potions of invisibility {unknown}
 d - a potion of haste {unknown}
 f - 8 potions of heal wounds
 m - 5 potions of cancellation
 r - 6 potions of resistance
 t - 3 potions of mutation {unknown}
 F - 4 potions of curing
 I - 2 potions of brilliance {unknown}
 K - 2 potions of might {unknown}
 M - a potion of berserk rage {unknown}
 N - 5 potions of ambrosia {unknown}
 P - 3 potions of magic {unknown}
Comestibles
 g - 9 meat rations
 n - 6 fruits
 s - a bread ration


   Skills:
 + Level 14.2 Fighting
 + Level 13.0(14.2) Axes
 - Level 5.7(10.3) Maces & Flails
 + Level 8.1(11.6) Polearms
 + Level 14.5 Armour
 + Level 13.0 Dodging
 + Level 13.5 Shields


You had 14 spell levels left.
You didn't know any spells.

Dungeon Overview and Level Annotations

Branches:
Dungeon (9/15)             Temple (0/1) D:5            Lair (8/8) D:8
  Swamp (0/4) Lair:3        Snake (1/4) Lair:6        Slime (0/6) Lair:7
    Orc (2/2) D:9             Elf (1/3) Orc:2

Altars:
Cheibriados
Elyvilon
Fedhas
Makhleb
Nemelex Xobeh
Okawaru
Pakellas
Qazlal
Sif Muna
Trog
Vehumet
Yredelemnul
Zin
The Shining One
Beogh
Jiyva

Shops:
D:7 (   D:9 [}   Orc:2 (*:[

Annotations:
Lair:3 exclusion: ice statue
Lair:7 1 runed door
Elf:1 Aizul


Innate Abilities, Weirdness & Mutations

You reflexively headbutt those who attack you in melee.
You have a pair of large horns on your head.
You have sharp toenails.


Message History

The soul eater hits you but does no damage.
Your ogre hits the demonic crawler with a giant club!
The demonic crawler hits your ogre. The demonic crawler hits your ogre! x2
The deep elf mage casts a spell.
You slice Aizul!! Your headbutt misses Aizul.
Aizul is moderately wounded.
You slice the demonic crawler!!
You kill the demonic crawler!
The demonic crawler's corpse disappears in a puff of smoke!
You slash the soul eater!
The soul eater is moderately wounded.
Aizul hits you!
* * * LOW HITPOINT WARNING * * *
You hit Aizul. You drain Aizul!
Aizul is moderately wounded.
You slash the hell rat!
The hell rat is almost dead.
You barely miss the soul eater.
The soul eater is moderately wounded.
You die...

..#####..........#
##.##.....#.. ..#
#...#.....#
##.......... ....
#....)...##
##.##.....#.. ..##.
#..###...##
##.###........ ...
....# #..#.###.##
#.......# ####
#.......##)#.##
#.#.###.# #
#########).)## .#.#
#...# .# . #ยง@.#
.. .. .
#####r3S#####
....#...O.rre...##.
..........3(.......
...........(....###
.......##.e.#####
....... #.()#
..e.... #.)(#
......# #.)(#####


You could see Aizul, 2 soul eaters, 2 deep elf magi, 3 hell rats and a friendly
ogre (berserk).

Vanquished Creatures
  An orc warlord (Orc:2)
  Azrael (Elf:1)
  A deep elf death mage (Elf:1)
  A fire dragon (Lair:8)
  An ice dragon (Lair:3)
  3 hydras
  2 naga warriors (Snake:1)
  3 anacondas (Snake:1)
  Erica (D:9)
  A catoblepas (Lair:3)
  2 dancing weapons (Elf:1)
  5 death yaks
  2 naga sharpshooters (Snake:1)
  An orc high priest (Orc:2)
  Urug (Orc:2)
  3 deep elf archers (Elf:1)
  A naga ritualist (Snake:1)
  The ghost of barb4r1an the Skirmisher, a novice MiBe of Trog (D:6)
  Pikel (D:9)
  10 deep elf magi
  2 orc knights (Orc:2)
  2 orc sorcerers (Orc:2)
  3 mana vipers (Snake:1)
  3 griffons
  7 oklob plants
  2 salamanders (Snake:1)
  3 naga magi (Snake:1)
  10 black mambas
  7 elephants
  11 spiny frogs
  A gargoyle (D:9)
  7 rime drakes
  The ghost of 4thArraOfDagon the Skirmisher, an amateur NaAs of Makhleb (Ossuary)
  8 komodo dragons
  A troll (D:9)
  2 polar bears
  3 giant leeches (Lair:3)
  7 blink frogs
  3 wyverns
  2 spriggans
  An air elemental (Elf:1)
  47 yaks
  8 basilisks
  13 hippogriffs
  2 fire elementals (Elf:1)
  A steam dragon (Lair:8)
  4 mottled dragons (Lair:8)
  2 hungry ghosts
  8 nagas (Snake:1)
  2 wargs (Orc:2)
  3 swamp worms (Lair:3)
  18 water moccasins
  16 porcupines
  A black bear (Lair:5)
  2 hell hounds (Elf:1)
  A slave (D:9)
  18 orc warriors
  4 ice beasts
  4 ogres
  4 phantoms
  19 wolves
  15 crocodiles
  2 centaurs
  3 big kobolds
  16 giant frogs
  A gnoll sergeant (D:7)
  A water moccasin skeleton (D:7)
  3 killer bees (D:8)
  4 scorpions
  7 wights
  4 electric eels
  3 howler monkeys
  A crimson imp (D:9)
  2 centaur zombies (Ossuary)
  2 quasits
  A giant frog zombie (D:9)
  A jelly (D:9)
  14 orc priests
  A gnoll shaman (D:9)
  5 hounds
  4 human zombies (Ossuary)
  16 orc wizards
  A centaur skeleton (D:4)
  11 iguanas
  Ijyb (D:3)
  6 worker ants
  A killer bee zombie (D:9)
  20 sheep
  A big kobold zombie (Ossuary)
  A hound zombie (D:5)
  A hound skeleton (D:6)
  2 mummies (Ossuary)
  2 worker ant zombies
  2 howler monkey skeletons
  10 adders
  12 gnolls
  48 river rats
  A shadow imp (D:5)
  3 white imps (Lair:3)
  An ooze (D:1)
  An adder skeleton (D:5)
  3 worms
  4 dart slugs
  6 giant geckos
  64 orcs
  2 ball pythons (D:3)
  3 giant cockroaches
  11 goblins
  16 hobgoblins
  14 jackals
  4 quokkas
  7 bats
  8 giant newts
  3 goblin zombies (Ossuary)
  11 hobgoblin zombies (Ossuary)
  2 jackal skeletons
  A jackal zombie (Ossuary)
  21 kobolds
  6 kobold zombies (Ossuary)
  9 orc zombies (Ossuary)
  10 rats
  2 fungi (Lair:7)
  7 plants
750 creatures vanquished.

Vanquished Creatures (collateral kills)
  4 hydras
  A naga ritualist (Snake:1)
  A deep elf archer (Elf:1)
  3 deep elf magi (Elf:1)
  A naga mage (Snake:1)
  A fire elemental (Elf:1)
11 creatures vanquished.

Vanquished Creatures (others)
  An orc sorcerer (Orc:2)
  An orc (D:9)
  A jackal (D:9)
  2 fungi
  12 plants
  4 toadstools (D:1)
21 creatures vanquished.

Grand Total: 782 creatures vanquished

Notes
Turn   | Place    | Note
--------------------------------------------------------------
     0 | D:1      | barb4r1an the Minotaur Berserker began the quest for the Orb.
     0 | D:1      | Reached XP level 1. HP: 19/19 MP: 0/0
    34 | D:1      | Reached XP level 2. HP: 21/27 MP: 1/1
   471 | D:1      | Reached ** piety under Trog
   474 | D:1      | Reached XP level 3. HP: 32/33 MP: 2/2
   933 | D:2      | Reached XP level 4. HP: 34/41 MP: 3/3
  1264 | D:2      | Reached *** piety under Trog
  1578 | D:3      | Noticed Ijyb
  1608 | D:3      | Killed Ijyb
  1715 | D:3      | Found a blossoming altar of Fedhas.
  1716 | D:3      | Found a stormy altar of Qazlal.
  1744 | D:3      | Found a faded altar to an unknown god.
  1755 | D:3      | Reached XP level 5. HP: 45/47 MP: 4/4
  1904 | D:3      | Reached skill level 5 in Maces & Flails
  1904 | D:3      | Reached skill level 1 in Shields
  2065 | D:3      | Reached skill level 5 in Fighting
  2150 | D:3      | Reached **** piety under Trog
  2236 | D:3      | Found an oddly glowing altar of Pakellas.
  2294 | D:4      | Found a snail-covered altar of Cheibriados.
  2295 | D:4      | Noticed a phantom
  2315 | D:4      | Killed a phantom
  2315 | D:4      | Reached XP level 6. HP: 35/56 MP: 5/5
  2525 | D:4      | Reached XP level 7. HP: 28/61 MP: 6/6
  3004 | D:4      | Reached skill level 1 in Axes
  3004 | D:4      | Reached skill level 5 in Armour
  3310 | D:4      | Found a radiant altar of Vehumet.
  3585 | D:5      | Entered Level 5 of the Dungeon
  3712 | D:5      | Found a staircase to the Ecumenical Temple.
  3806 | D:5      | Found a glowing golden altar of the Shining One.
  3814 | D:5      | Reached skill level 5 in Dodging
  3814 | D:5      | Reached XP level 8. HP: 64/71 MP: 7/7
  4211 | D:6      | Found a bloodstained altar of Trog.
  4230 | D:6      | Found a basalt altar of Yredelemnul.
  4909 | D:6      | Reached skill level 5 in Shields
  4934 | D:6      | Noticed barb4r1an's ghost (novice MiBe)
  5054 | D:6      | Killed barb4r1an's ghost
  5054 | D:6      | Reached XP level 9. HP: 56/79 MP: 8/8
  5333 | D:6      | Found a deep blue altar of Sif Muna.
  5763 | D:7      | Reached skill level 5 in Axes
  5769 | D:7      | Found an iron altar of Okawaru.
  6240 | D:7      | Found Tetupt's Antique Weapon Boutique.
  6542 | D:7      | Reached ***** piety under Trog
  6886 | D:8      | Found a sparkling altar of Nemelex Xobeh.
  6897 | D:8      | Found a sand-covered staircase.
  6906 | Ossuary  | Entered an ossuary
  6906 | Ossuary  | Noticed 4thArraOfDagon's ghost (amateur NaAs)
  6919 | Ossuary  | Killed 4thArraOfDagon's ghost
  7256 | Ossuary  | Gained mutation: You have a pair of large horns on your head. [potion of beneficial mutation]
  7257 | Ossuary  | Gained mutation: You have sharp toenails. [potion of beneficial mutation]
  7330 | D:8      | Reached XP level 10. HP: 85/90 MP: 9/9
  7550 | D:8      | Found a staircase to the Lair.
  7667 | D:8      | Found a white marble altar of Elyvilon.
  8142 | D:9      | Found a burning altar of Makhleb.
  8143 | D:9      | Found a glowing silver altar of Zin.
  8143 | D:9      | Noticed an angel
  8144 | D:9      | Noticed a cacodemon
  8163 | D:9      | Found Ropt's Gadget Emporium.
  8579 | D:9      | Found a basalt altar of Yredelemnul.
  8611 | D:9      | Found Cebam's Armour Emporium.
  8611 | D:9      | Found a staircase to the Orcish Mines.
  8611 | D:9      | Noticed Pikel
  8654 | D:9      | Killed Pikel
  8654 | D:9      | Reached XP level 11. HP: 92/99 MP: 10/10
  8657 | D:9      | Reached skill level 10 in Fighting
  8665 | D:9      | Received a gift from Trog
  8671 | D:9      | Got a scorched broad axe {god gift}
  8680 | D:9      | Identified the +10 broad axe of a labyrinth {drain, MR+} (Trog gifted it to you on level 9 of the Dungeon)
  8780 | D:9      | Noticed Erica
  8798 | D:9      | Killed Erica
  8848 | D:9      | Noticed a deep elf mage
  8858 | D:9      | Killed a deep elf mage
  8858 | D:9      | Reached skill level 10 in Armour
  9169 | D:9      | Bought the +1 pair of gloves of Resilience {*Contam Dex+7} for 384 gold pieces
  9333 | Lair:1   | Entered Level 1 of the Lair of Beasts
  9404 | Lair:1   | Found a basalt altar of Yredelemnul.
 10148 | Lair:2   | Noticed a seven-headed hydra
 10155 | Lair:2   | Killed a ten-headed hydra
 10471 | Lair:2   | Noticed a griffon
 10478 | Lair:2   | Killed a griffon
 10478 | Lair:2   | Reached skill level 10 in Shields
 10534 | Lair:2   | Reached ****** piety under Trog
 10538 | Lair:2   | Reached XP level 12. HP: 110/110 MP: 11/11
 10546 | Lair:2   | Reached skill level 10 in Dodging
 10776 | Lair:2   | Reached skill level 10 in Axes
 11188 | Lair:2   | Noticed an eight-headed hydra
 11219 | Lair:2   | Killed a nine-headed hydra
 11414 | Lair:3   | Received a gift from Trog
 12063 | Lair:3   | Noticed a catoblepas
 12071 | Lair:3   | Killed a catoblepas
 12175 | Lair:3   | Noticed an ice dragon
 12194 | Lair:3   | Killed an ice dragon
 12394 | Lair:3   | Found a staircase to the Swamp.
 12414 | Lair:3   | Noticed a six-headed hydra
 12418 | Lair:3   | Killed a six-headed hydra
 12669 | Lair:4   | Noticed a four-headed hydra
 12675 | Lair:4   | Killed a four-headed hydra
 12798 | Lair:4   | Noticed a seven-headed hydra
 12806 | Lair:4   | Killed a nine-headed hydra
 13144 | Lair:4   | Reached XP level 13. HP: 118/118 MP: 12/12
 13721 | Lair:4   | Got a transparent glaive
 13727 | Lair:4   | Identified the +9 glaive "Lugruf" {holy, rN+ Str+6 Dex+4} (You found it on level 4 of the Lair of Beasts)
 13986 | Lair:5   | Found an oddly glowing altar of Pakellas.
 14026 | Lair:5   | Received a gift from Trog
 14064 | Lair:5   | Reached skill level 1 in Polearms
 14767 | Lair:6   | Found a staircase to the Snake Pit.
 15729 | Lair:7   | Got a steaming ring mail
 15740 | Lair:7   | Identified the +5 ring mail of Honesty {rN+ Str+2 Dex-5} (You found it on level 7 of the Lair of Beasts)
 16010 | Lair:7   | Found a runed door.
 16010 | Lair:7   | Found a viscous altar of Jiyva.
 16010 | Lair:7   | Found a staircase to the Slime Pits.
 16010 | Lair:7   | Noticed an acid blob
 16092 | Lair:8   | Entered Level 8 of the Lair of Beasts
 16655 | Lair:8   | Reached XP level 14. HP: 99/129 MP: 13/13
 16692 | Lair:8   | Reached skill level 5 in Polearms
 16706 | Lair:8   | Received a gift from Trog
 16839 | Lair:8   | Got a sparkling bone ring
 16889 | Lair:8   | Identified the cursed ring "Ychucalua" {+Inv rF+ Str-2 Int+4 SInv} (You found it on level 8 of the Lair of Beasts)
 17273 | Snake:1  | Entered Level 1 of the Snake Pit
 17548 | Snake:1  | HP: 6/129 [poisoned by a naga ritualist (toxic radiance)]
 17553 | Snake:1  | HP: 6/129 [poisoned by a naga ritualist (toxic radiance)]
 18869 | Orc:1    | Entered Level 1 of the Orcish Mines
 18929 | Orc:2    | Entered Level 2 of the Orcish Mines
 19003 | Orc:2    | Received a gift from Trog
 19151 | Orc:2    | Found a staircase to the Elven Halls.
 19189 | Orc:2    | Noticed an orc warlord
 19223 | Orc:2    | Killed an orc warlord
 19273 | Orc:2    | Noticed Urug
 19292 | Orc:2    | Killed Urug
 19354 | Orc:2    | Found a roughly hewn altar of Beogh.
 19367 | Orc:2    | Paralysed by an orc sorcerer for 3 turns
 19515 | Orc:2    | Found Piygiann's Book Emporium.
 19518 | Orc:2    | Found Liachuosh's Antique Armour Emporium.
 19765 | Orc:2    | Found Feerus's Antique Weapon Emporium.
 19771 | Orc:2    | Bought a warped mace for 288 gold pieces
 19780 | Orc:2    | Found Lotreime's General Store.
 19787 | Orc:2    | Bought a bread ration for 70 gold pieces
 19787 | Orc:2    | Bought a scroll of identify for 28 gold pieces
 19787 | Orc:2    | Identified the +3 mace "Dekh" {drain, Stlth+} (You bought it in a shop on level 2 of the Orcish Mines)
 20026 | Orc:2    | Bought a glowing scale mail for 104 gold pieces
 20100 | Elf:1    | Entered Level 1 of the Elven Halls
 20211 | Elf:1    | Reached XP level 15. HP: 73/138 MP: 14/14
 20238 | Elf:1    | Noticed Azrael
 20253 | Elf:1    | Killed Azrael
 20390 | Elf:1    | Received a gift from Trog
 20427 | Elf:1    | Noticed Aizul
 20446 | Elf:1    | HP: 9/207 [Aizul (9)]
 20447 | Elf:1    | HP: 1/207 [Aizul (8)]
 20448 | Elf:1    | Succumbed to Aizul's bolt of poison

Vault maps used:
D:1:      ldierk_water_garden, corexii_hall_statues_i
D:3:      forest_paths, nicolae_overflow_hidden_temple, grunt_pakellas_basics,
          ecumenical_altar_2, uniq_iyjb
D:4:      vehumet_crystals, cheibriados_altar_1
D:5:      old_standard_altar, minmay_temple_entry_mist, first_bread,
          kennysheep_generic_room_11
D:6:      bloody_trog, lemuel_crystal_altar, led_sif_book, lemuel_old_faithful
D:7:      serial_shops, shop, the_bakery, okawaru_ov_weapons_minmay
D:8:      elyvilon_altar_5, kennysheep_mini_moat, minmay_lair_entry_grove,
          nicolae_ossuary_entry_ruins
D:9:      minmay_quarter_circles, grunt_temple_overflow_order_and_chaos_2,
          orc_david_3, serial_shops, shop, basic_altar, uniq_pikel, uniq_erica
Lair:1:   basic_altar, serial_bayou_ford_a
Lair:3:   minmay_swamp_entry_worms, ice2_lemuel
Lair:4:   minmay_lair_oklob_tunnel, grunt_forest_small_clearing_treed,
          infiniplex_staircase_pool, grunt_megastairs_5, serial_bayou_shore_a
Lair:5:   basic_altar, grunt_forest_stairs_clearing
Lair:6:   minmay_lair_oklob_items, dummy_snake_entry, hibernation_bobbens
Lair:7:   slime_altar_2, lemuel_fruit_tree, serial_bayou_shore_b
Lair:8:   guppyfry_lair_end_dragon, hangedman_lair_caniforms_friends
Orc:1:    serial_shops, shop, mines2_lemuel, uniq_fannar
Orc:2:    grunt_orc_cross
Elf:1:    kennysheep_underground_church, uniq_azrael, uniq_aizul
Ossuary:  ossuary_tomb_1

Skill      XL: |  1  2  3  4  5  6  7  8  9 10 11 12 13 14 15 |
---------------+----------------------------------------------+-----
Maces & Flails | 4 5 |  5.7
Fighting       | 4 5 6 7 8 9 11 12 13 14 | 14.2
Armour         | 3 4 5 7 8 9 11 12 13 14 | 14.5
Dodging        | 3 4 5 6 7 8 9 11 12 13 | 13.0
Shields        | 1 2 3 5 7 8 10 11 12 13 | 13.5
Axes           | 2 4 6 8 9 11 12 13 | 13.0
Polearms       | 4 7 8 |  8.1

Action                   |  1- 3 |  4- 6 |  7- 9 | 10-12 | 13-15 || total
-------------------------+-------+-------+-------+-------+-------++-------
Melee: Mace              |    77 |   189 |    31 |       |       ||   297
       Headbutt          |    12 |    34 |   148 |   126 |   143 ||   463
       Hand axe          |       |       |   588 |   260 |       ||   848
       Broad axe         |       |       |       |   334 |   526 ||   860
       Kick              |       |       |       |    22 |       ||    22
       Glaive            |       |       |       |       |    34 ||    34
Invok: Berserk           |       |     1 |     4 |     3 |     4 ||    12
       Trog's Hand       |       |     1 |     3 |     1 |     5 ||    10
       Burn Spellbooks   |       |       |       |     1 |     1 ||     2
       Brothers in Arms  |       |       |       |     4 |     5 ||     9
Evoke: Wand              |       |       |       |     2 |       ||     2
  Use: Scroll            |       |       |    13 |     3 |     1 ||    17
       Potion            |       |       |     2 |       |     5 ||     7
  Eat: Bread ration      |       |     1 |     3 |     3 |     4 ||    11
       Meat ration       |       |     1 |       |     1 |       ||     2
       Fruit             |       |       |     4 |     4 |    12 ||    20
       Pizza             |       |       |     1 |       |       ||     1
       Beef jerky        |       |       |     1 |     1 |     2 ||     4
       Royal jelly       |       |       |     1 |     1 |       ||     2
Armor: Animal skin       |     5 |       |       |       |       ||     5
       Ring mail         |    22 |    63 |    70 |       |       ||   155
       Scale mail        |       |       |   137 |   165 |   158 ||   460
Dodge: Dodged            |    70 |    91 |   311 |   371 |   480 ||  1323
Block: Buckler           |       |    19 |   136 |   177 |   206 ||   538
